 Dungeon Crawl Stone Soup version 0.20.1-1-g8b1a95d (webtiles) character file.

441 letownia2 the Grave Robber (level 6, 26/49 HPs)
             Began as a Deep Dwarf Necromancer on Dec 18, 2017.
             Quit the game on level 5 of the Dungeon.
             The game lasted 00:06:10 (2155 turns).

letownia2 the Grave Robber (Deep Dwarf Necromancer) Turns: 2155, Time: 00:06:11

Health: 26/49      AC:  7    Str: 12    XL:     6   Next: 70%
Magic:  5/12       EV: 12    Int: 17    God:
Gold:   185        SH:  0    Dex: 13    Spells: 9/13 levels left

rFire    . . .     SeeInvis .   q - +0 short sword
rCold    . . .     Gourm    .   (no shield)
rNeg     + . .     Faith    .   x - +0 leather armour
rPois    .         Spirit   .   i - +0 helmet
rElec    .         Reflect  .   (no cloak)
rCorr    .         Harm     .   o - +2 pair of gloves
MR       .....                  (no boots)
Stlth    +++.......             (no amulet)
Regen    0.0/turn               y - ring of stealth
MPRegen  0.2/turn               m - ring of positive energy

@: mildly poisoned (26 -> 26), non-regenerating
A: damage resistance, heal wounds, sense surroundings 1, no regeneration
a: Heal Wounds


You were on level 5 of the Dungeon.
You were not hungry.

You visited 2 branches of the dungeon, and saw 6 of its levels.

You collected 185 gold pieces.

Inventory:

Hand Weapons
 q - a +0 short sword (weapon)
Armour
 a - a +0 robe
 i - a +0 helmet (worn)
 o - a +2 pair of gloves (worn)
 x - a +0 leather armour (worn)
Jewellery
 l - an uncursed ring of poison resistance
 m - a ring of positive energy (right hand)
 y - a ring of stealth (left hand)
Wands
 n - a wand of flame (29/48)
Scrolls
 f - a scroll of teleportation {unknown}
 r - a scroll of noise {unknown}
 u - a scroll of immolation {unknown}
Potions
 d - 2 potions of brilliance {unknown}
 e - a potion of curing {unknown}
 g - a potion of might
 h - 3 potions of lignification {unknown}
 j - a potion of haste {unknown}
 p - 4 potions of flight {unknown}
 s - a potion of agility {unknown}
 t - 3 potions of heal wounds {unknown}
 w - a potion of ambrosia {unknown}
 A - a potion of magic {unknown}
Books
 b - a book of Necromancy

   Spells                             Type                      Level
   a - Pain                           Necromancy                   1
   b - Animate Skeleton               Necromancy                   1
   c - Vampiric Draining              Necromancy                   3
   d - Regeneration                   Charms/Necromancy            3
   e - Animate Dead                   Necromancy                   4
   f - Control Undead                 Necromancy                   4
Comestibles
 c - 3 bread rations
 k - 2 royal jellies
 v - a meat ration
 z - a chunk of flesh


   Skills:
 - Level 2.1 Dodging
 - Level 2.4 Stealth
 + Level 4.4 Spellcasting
 - Level 7.0 Necromancy


You had 9 spell levels left.
You knew the following spells:

 Your Spells              Type           Power        Failure   Level  Hunger
a - Pain                  Necr           ####         1%          1    None
v - Vampiric Draining     Necr           ####......   3%          3    ###....


Dungeon Overview and Level Annotations

Branches:
Dungeon (5/15)             Temple (1/1) D:5

Altars:
Ashenzari
Cheibriados
Dithmenos
Elyvilon
Fedhas
Hepliaklqana
Kikubaaqudgha
Makhleb
Nemelex Xobeh
Okawaru
Qazlal
Ru
Sif Muna
Trog
Vehumet
Xom
Yredelemnul
The Shining One

Annotations:
D:3 Ijyb, Jessica


Innate Abilities, Weirdness & Mutations

You are resistant to damage.
You can heal yourself by infusing magical energy.
You passively map a small area around you.
You do not regenerate.


Message History

The hornet writhes in agony!
You kill the hornet!
Your Spellcasting skill increases to level 4!
You have reached level 6!
Your experience leads to an increase in your attributes!
Increase (S)trength, (I)ntelligence, or (D)exterity?
You feel stronger.
You feel yourself speed up.
You feel very sick.
You start resting.
Eating one of 2 chunks of flesh.
You eat one of the 2 chunks of flesh.
This raw flesh tastes terrible.
You feel sick.
Unknown command.
You see here a hornet corpse.
A - a puce potion Put on which piece of jewellery? (? for menu, Esc to quit)
Okay, then.
Wear which item? (? for menu, Esc to quit)
Okay, then.
Are you sure you want to abandon this character and quit the game? (Confirm with "yes".)

, , , , .....#.###. , , ,
#.....#..... ,.
##+#######.#.###. .. *
#..........##...#
...#+###...........##.##
,........................
........................
.[.....†#'###...........
,
.......@#...#...........
>
........#...#...........
,,
,........#...######.....#
........##+###...'.....#
, ......... #...#.....# ,
......... #...#.....#
......... ,#...#.....#
.......... ,#####.....# *
* ** > ,..........


There were no monsters in sight!

Vanquished Creatures
  A hornet (D:5)
  A bullfrog (D:4)
  A howler monkey (D:4)
  2 hounds
  An iguana (D:4)
  A worker ant (D:5)
  A worm (D:4)
  4 leopard geckos
  2 orcs
  A bat (D:2)
  2 goblins (D:1)
  3 hobgoblins
  2 quokkas (D:4)
  4 ball pythons
  A ball python zombie (D:5)
  A frilled lizard (D:2)
  2 kobolds (D:2)
  2 rats (D:1)
32 creatures vanquished.

Notes
Turn   | Place    | Note
-------+----------+-------------------------------------------
     0 | D:1      | letownia2 the Deep Dwarf Necromancer began the quest for the Orb.
     0 | D:1      | Reached XP level 1. HP: 15/15 MP: 3/3
   174 | D:2      | Reached XP level 2. HP: 20/22 MP: 3/5
   212 | D:3      | Noticed Ijyb
   453 | D:2      | Reached skill level 5 in Necromancy
   500 | D:3      | Noticed Jessica
   760 | D:4      | Noticed a howler monkey
   819 | D:4      | Reached XP level 3. HP: 15/28 MP: 0/6
   879 | D:4      | Learned a level 3 spell: Vampiric Draining
  1083 | D:4      | Noticed a bullfrog
  1089 | D:4      | Killed a bullfrog
  1089 | D:4      | Reached skill level 6 in Necromancy
  1089 | D:4      | Reached XP level 4. HP: 26/36 MP: 0/7
  1198 | D:4      | Reached skill level 7 in Necromancy
  1198 | D:4      | Reached XP level 5. HP: 27/42 MP: 0/8
  1490 | D:5      | Entered Level 5 of the Dungeon
  1546 | D:5      | Noticed a hornet
  1788 | D:5      | Found a staircase to the Ecumenical Temple.
  1903 | Temple   | Entered the Ecumenical Temple
  2121 | D:5      | Killed a hornet
  2121 | D:5      | Reached XP level 6. HP: 30/49 MP: 0/12
  2155 | D:5      | Quit the game

Skill      XL: |  1  2  3  4  5 |
---------------+----------------+-----
Spellcasting   | 2 4 |  4.4
Necromancy     | 5 6 7 |  7.0
Dodging        | |  2.1
Stealth        | |  2.4

Action                   |  1- 3 |  4- 6 || total
-------------------------+-------+-------++-------
Melee: Unarmed           |     6 |       ||     6
       Short sword       |     4 |     5 ||     9
 Cast: Pain              |    49 |    25 ||    74
       Vampiric Draining |     1 |     6 ||     7
  Eat: Chunk             |     1 |     5 ||     6
Armor: Robe              |    11 |     3 ||    14
       Leather armour    |       |     2 ||     2
Dodge: Dodged            |    22 |    21 ||    43
